 Dungeon Crawl Stone Soup version 0.23.0-3-gf3c87f2 (webtiles) character file.

Game seed: 1908974097678527479

7245 Mgcat the Grappler (level 11, -2/55 HPs)
             Began as a Vine Stalker Fighter on Feb 24, 2019.
             Was a Priest of Ru.
             Slain by a cyan ugly thing (9 damage)
             ... on level 11 of the Dungeon.
             The game lasted 00:23:36 (8515 turns).

Mgcat the Grappler (Vine Stalker Fighter)           Turns: 8515, Time: 00:23:37

Health: -2/55      AC: 14    Str: 21    XL:     11   Next: 12%
Magic:  0/15       EV:  5    Int:  8    God:    Ru [***...]
Gold:   422        SH: 10    Dex: 17    Spells: 10/10 levels left

rFire    + . .     SeeInvis .     - Unarmed
rCold    . . .     Gourm    .   b - +0 shield
rNeg     . . .     Faith    .   r - +0 chain mail
rPois    .         Spirit   +   j - +1 helmet
rElec    .         Reflect  .   p - +0 cloak
rCorr    .         Harm     .   q - +0 pair of gloves
MR       +....                  (no boots)
Stlth    ..........             (no amulet)
HPRegen  0.58/turn              g - +2 ring of dexterity
MPRegen  0.14/turn              i - ring of protection from fire {rF+, !d}

@: very slightly contaminated, invisible
A: fangs 3, regeneration 1, magic shield, antimagic bite, no potion heal 3, rot
immunity, inability to train dodging, inexperienced 1
a: Draw Out Power, Renounce Religion


You were on level 11 of the Dungeon.
You worshipped Ru.
Ru was most pleased with you.
You were not hungry.

You visited 2 branches of the dungeon, and saw 12 of its levels.
You also visited: Bailey.

You collected 422 gold pieces.

Inventory:

Missiles
 s - 6 tomahawks of returning (quivered)
Armour
 b - a +0 shield (worn)
 j - a +1 helmet (worn)
   (You found it on level 4 of the Dungeon)
 p - a +0 cloak (worn)
   (You found it on level 1 of the Dungeon)
 q - a +0 pair of gloves (worn)
   (You found it on level 6 of the Dungeon)
 r - a +0 chain mail (worn)
   (You found it on level 7 of the Dungeon)
Jewellery
 a - an uncursed ring of flight {+Fly, !d}
   (You found it on level 5 of the Dungeon)
 g - a +2 ring of dexterity (left hand)
   (You found it on level 1 of the Dungeon)
 i - a ring of protection from fire (right hand) {rF+, !d}
   (You found it on level 4 of the Dungeon)
 n - an uncursed ring of fire {rF+, rC-}
   (You found it on level 6 of the Dungeon)
Wands
 k - a wand of digging (3)
   (You took it off Eustachio on level 4 of the Dungeon)
 o - a wand of disintegration (7)
   (You found it on level 4 of the Dungeon)
 u - a wand of paralysis (14)
   (You found it on level 7 of the Dungeon)
Scrolls
 f - 2 scrolls of teleportation
 l - 4 scrolls of identify
 t - 3 scrolls of fog
Potions
 h - 3 potions of flight
 m - 3 potions of cancellation
 z - a potion of curing
Miscellaneous
 c - a phantom mirror
Comestibles
 d - 20 rations
 v - a chunk of flesh {@w0}


   Skills:
 - Level 5.0 Fighting
 - Level 5.0 Armour
 - Level 5.0 Shields
 + Level 13.7 Unarmed Combat
 - Level 5.0 Evocations


You had 10 spell levels left.
You didn't know any spells.
Your spell library was empty.

Dungeon Overview and Level Annotations

Branches:
Dungeon (11/15)            Temple (1/1) D:7
   Lair: D:8-11         Orc: D:9-12

Altars:
Ashenzari
Cheibriados
Dithmenos
Elyvilon
Fedhas
Gozag
Hepliaklqana
Kikubaaqudgha
Makhleb
Nemelex Xobeh
Okawaru
Qazlal
Ru
Sif Muna
Trog
Uskayaw
Vehumet
Wu Jian
Xom
Yredelemnul
Zin
The Shining One

Annotations:
D:8 2 transporters, Arum's ghost, novice OpFi
D:9 Erolcha


Innate Abilities, Weirdness & Mutations

You have razor-sharp teeth.
Your natural rate of healing is unusually fast.
When hurt, damage is shared between your health and your magic reserves.
Your bite disrupts and absorbs the magic of your enemies.
Potions cannot restore your health.
You are immune to rotting.
You cannot train Dodging skill.
You are somewhat inexperienced. (-2 XL)


Message History

You are starving!
You closely miss Grum.
Grum is moderately wounded.
Grum hits you with a -2 halberd!
You take 6 damage, and have 42/55 hp.
You now have 13/15 mp.
You are too hungry to fight recklessly!
Spoiler Alert: The gargoyle can cast Stone Arrow!
You eat one of the 21 rations.
That ration really hit the spot!
You punch Grum! You bite Grum! You drain his power.
You feel invigorated.
Grum is severely wounded.
You block Grum's attack. The gargoyle completely misses you.
MP restored: 15 You punch Grum!
You kill Grum!
The gargoyle begins to attack, but is stunned by your will!
Spoiler Alert: The gargoyle can cast Stone Arrow!
You hit the gargoyle but do no damage.
The gargoyle hits you but does no damage.
You hit the gargoyle but do no damage. You hit the gargoyle.
You bite the gargoyle. You drain its power.
The gargoyle is moderately damaged.
The gargoyle hits you with a +0 flail!
You take 10 damage, and have 34/55 hp.
You now have 11/15 mp.
Spoiler Alert: The gargoyle can cast Stone Arrow!
Your chain mail prevents you from hitting the gargoyle.
You bite the gargoyle, but do no damage.
The gargoyle is moderately damaged.
The gargoyle hurls a stone arrow at you.
The stone arrow hits you.
You take 1 damage, and have 33/55 hp.
You now have 10/15 mp.
Spoiler Alert: The gargoyle can cast Stone Arrow!
You hit the gargoyle but do no damage.
You bite the gargoyle, but do no damage.
The gargoyle is moderately damaged.
You punch the gargoyle! Your bite misses the gargoyle.
The gargoyle is heavily damaged.
You block the gargoyle's attack.
Spoiler Alert: The gargoyle can cast Stone Arrow!
You punch the gargoyle! You bite the gargoyle.
You destroy the gargoyle!
There is a stone staircase leading up here.
You climb upwards.
There is a stone staircase leading down here.
You regained 2 hp, and now have 43/55 hp.
You start resting.
HP restored.
You regained 3 hp, and now have 46/55 hp.
You start resting.
Magic restored.
You regained 6 hp, and now have 52/55 hp.
MP restored: 15 You climb downwards.
There is a stone staircase leading up here.
HP restored.
Key pressed, stopping explore.
Things that are here:
a cursed +0 animal skin; a -2 halberd; Health restored: 55 You butcher the wolf corpse.
v - a chunk of flesh {@w0} You see here a wolf skeleton. x2
The cyan ugly thing is too close now for your liking.
Spoiler Alert: The cyan ugly thing (wandering) can hit for high electric damage in melee!
Lua error: [string "/dgldir/rcfiles/crawl-0.23/Mgcat.rc"]:926: invalid capture index The cyan ugly thing gurgles horribly!
Spoiler Alert: The cyan ugly thing can hit for high electric damage in melee!
An orc comes into view.
It is wielding a +0 falchion and carrying a wand of flame (22).
The orc shouts!
The cyan ugly thing gores you! The cyan ugly thing shocks you!
You focus your will and illuminate the cyan ugly thing in retribution!
A manticore comes into view.
Found a stone staircase leading down.
You take 19 damage, and have 36/55 hp.
MASSIVE DAMAGE!!
You now have 10/15 mp.
Warning x2: The manticore (wandering) can hit for high damage at range, and Barbs causes damage when you move!
The cyan ugly thing can hit for high electric damage in melee!
You are too injured to fight recklessly!
Lua error: [string "/dgldir/rcfiles/crawl-0.23/Mgcat.rc"]:926: invalid capture index You are too injured to fight recklessly!
Lua error: [string "/dgldir/rcfiles/crawl-0.23/Mgcat.rc"]:926: invalid capture index Warning x2: The manticore can hit for high damage at range, and Barbs causes damage when you move!
The cyan ugly thing can hit for high electric damage in melee!
You fade into invisibility!
The cyan ugly thing gores you. The cyan ugly thing shocks you!
You are very lightly contaminated with residual magic.
You take 15 damage, and have 22/55 hp.
MASSIVE DAMAGE!!
You now have 6/15 mp.
Warning x2: The manticore can hit for high damage at range, and Barbs causes damage when you move!
The cyan ugly thing can hit for high electric damage in melee!
You redirect the manticore's attack!
The manticore flicks its tail.
The volley of spikes misses the cyan ugly thing.
The cyan ugly thing gores you. The cyan ugly thing shocks you!
* * * LOW HITPOINT WARNING * * *
You take 14 damage, and have 8/55 hp.
MASSIVE DAMAGE!!
You now have 3/15 mp.
Warning x2: The manticore can hit for high damage at range, and Barbs causes damage when you move!
The cyan ugly thing can hit for high electric damage in melee!
You catch the helpless cyan ugly thing completely off-guard!
You pummel the cyan ugly thing!! You bite the cyan ugly thing.
You drain its power.
You feel invigorated.
The cyan ugly thing is moderately wounded.
The manticore flicks its tail.
The volley of spikes misses the cyan ugly thing.
You block the volley of spikes. The cyan ugly thing gores you.
* * * LOW HITPOINT WARNING * * *
The cyan ugly thing shocks you!
You die...

#........###.
#...#........ .
#...#......##
#####...#....(...#
.................
.............#..# .# #.
#......#...<...##.## #.>#
###.....##........
#..#.u@##..##......####
#..####..............
#H#####.<............ ...
#.......#.........
........##..............
.......## #.#.##รท.....##
........####.#)##.).....##
................[.........
.........###.##..#.####.##


You could see a cyan ugly thing and a manticore.

Vanquished Creatures
  Harold (D:9)
  2 two-headed ogres (D:9)
  A gargoyle (D:11)
  Joseph (D:9)
  A komodo dragon (D:11)
  A queen bee (D:9)
  2 wyverns
  Grum (D:11)
  Eustachio (D:4)
  2 wargs (D:8)
  A water moccasin (D:8)
  3 porcupines (D:8)
  3 black bears (D:8)
  3 orc warriors
  3 sky beasts
  An eye of draining (D:11)
  4 wolves
  5 ogres
  3 centaurs
  2 crocodiles (D:8)
  A big kobold (D:8)
  2 bullfrogs
  4 scorpions
  12 killer bees
  4 howler monkeys
  3 vampire bats (D:6)
  A centaur zombie (D:8)
  4 crimson imps
  A jelly (D:10)
  A quasit (D:9)
  6 hounds
  2 orc priests
  2 centaur skeletons
  3 iguanas
  4 orc wizards
  7 worker ants
  2 worker ant zombies
  3 gnolls (D:5)
  A howler monkey skeleton (D:7)
  13 adders
  3 shadow imps
  An ooze (D:2)
  An adder skeleton (D:5)
  3 worms
  4 dart slugs
  10 leopard geckos
  36 orcs
  3 bat skeletons (D:6)
  3 bat zombies (D:6)
  8 giant cockroaches
  10 goblins
  9 hobgoblins
  6 jackals
  14 kobolds
  3 quokkas
  2 bats (D:2)
  6 frilled lizards
  A jackal skeleton (D:5)
  A quokka skeleton (D:5)
  3 rats
244 creatures vanquished.

Vanquished Creatures (others)
  A wolf (D:8)
  A kobold (D:8)
  A fungus (D:9)
3 creatures vanquished.

Grand Total: 247 creatures vanquished

Notes
Turn   | Place    | Note
-------+----------+-------------------------------------------
     0 | D:1      | Mgcat the Vine Stalker Fighter began the quest for the Orb.
     0 | D:1      | Reached XP level 1. HP: 11/11 MP: 2/2
   121 | D:1      | Reached XP level 2. HP: 16/16 MP: 3/3
   347 | D:1      | Reached skill level 3 in Fighting
   347 | D:1      | Reached XP level 3. HP: 20/20 MP: 4/4
   477 | D:1      | Reached skill level 3 in Shields
  1026 | D:2      | Found an opulent altar of Gozag.
  1060 | D:2      | Found a stormy altar of Qazlal.
  1237 | D:2      | Gained mutation: Your natural rate of healing is unusually
                  | fast. [Vine Stalker growth]
  1237 | D:2      | Reached XP level 4. HP: 22/24 MP: 5/5
  1273 | D:2      | Found a faded altar of an unknown god.
  1401 | D:2      | Found a blossoming altar of Fedhas.
  1702 | D:3      | Noticed an ogre
  1707 | D:3      | Killed an ogre
  1707 | D:3      | Reached skill level 3 in Armour
  1707 | D:3      | Reached skill level 3 in Unarmed Combat
  1707 | D:3      | Reached XP level 5. HP: 28/28 MP: 6/6
  2086 | D:3      | Found a shattered altar of Ashenzari.
  2086 | D:3      | Found a glowing golden altar of the Shining One.
  2087 | D:3      | Found a sparkling altar of Nemelex Xobeh.
  2303 | D:4      | Reached XP level 6. HP: 33/33 MP: 7/7
  2441 | D:4      | Found an ornate altar of the Wu Jian Council.
  2466 | D:4      | Reached skill level 4 in Fighting
  2466 | D:4      | Reached skill level 4 in Shields
  2747 | D:4      | Noticed a two-headed ogre
  2917 | D:4      | Noticed Eustachio
  2944 | D:4      | Killed Eustachio
  2944 | D:4      | Reached skill level 4 in Unarmed Combat
  2944 | D:4      | Reached XP level 7. HP: 37/37 MP: 8/8
  3276 | D:5      | Entered Level 5 of the Dungeon
  3312 | D:5      | Reached skill level 4 in Armour
  3647 | D:6      | Gained mutation: You have razor-sharp teeth. [Vine Stalker
                  | growth]
  3647 | D:6      | Reached XP level 8. HP: 42/42 MP: 9/9
  3749 | D:6      | Reached skill level 5 in Fighting
  3749 | D:6      | Reached skill level 5 in Shields
  3749 | D:6      | Reached skill level 5 in Unarmed Combat
  3922 | D:6      | Found an ancient bone altar of Kikubaaqudgha.
  4210 | D:7      | Reached skill level 5 in Armour
  4260 | D:7      | Found a deep blue altar of Sif Muna.
  4301 | D:7      | Found a staircase to the Ecumenical Temple.
  4308 | D:7      | Reached skill level 6 in Unarmed Combat
  4316 | Temple   | Entered the Ecumenical Temple
  4497 | Temple   | Became a worshipper of Ru the Awakened
  5273 | D:7      | Reached skill level 7 in Unarmed Combat
  5288 | D:7      | Found a burning altar of Makhleb.
  5477 | D:7      | Reached XP level 9. HP: 47/47 MP: 10/10
  5694 | D:8      | Found a radiant altar of Vehumet.
  5712 | D:8      | Found a flagged portal.
  5716 | D:8      | Reached skill level 1 in Evocations
  5733 | D:8      | Reached skill level 2 in Evocations
  5741 | Bailey   | Entered a bailey
  5746 | Bailey   | Noticed an orc warlord
  5774 | Bailey   | Gained mutation: You are somewhat inexperienced. (-2 XL)
                  | [Ru sacrifice]
  5774 | Bailey   | Reached XP level 8. HP: 43/43 MP: 10/10
  5774 | Bailey   | Reached XP level 7. HP: 39/39 MP: 9/9
  5774 | Bailey   | Reached * piety under Ru
  5774 | Bailey   | Reached ** piety under Ru
  5881 | D:8      | Found a shadowy altar of Dithmenos.
  5896 | D:8      | Reached skill level 8 in Unarmed Combat
  5925 | D:8      | Found a transporter.
  5932 | D:8      | Noticed a moth of wrath
  5932 | D:8      | Noticed a hippogriff
  5937 | D:8      | Noticed Arum's ghost (novice OpFi)
  6047 | D:8      | Found a transporter.
  6071 | D:8      | Reached skill level 3 in Evocations
  6221 | D:8      | Reached XP level 8. HP: 43/43 MP: 11/11
  6263 | D:9      | Noticed a wyvern
  6277 | D:8      | Reached skill level 4 in Evocations
  6282 | D:8      | Killed a wyvern
  6349 | D:8      | Reached skill level 9 in Unarmed Combat
  6369 | D:8      | Reached XP level 9. HP: 14/47 MP: 7/13
  6442 | D:9      | Noticed Joseph
  6444 | D:9      | Noticed Harold
  6472 | D:9      | Noticed Erolcha
  6508 | D:8      | Reached skill level 5 in Evocations
  6624 | D:8      | Reached skill level 10 in Unarmed Combat
  6932 | D:9      | Killed Joseph
  6946 | D:9      | Noticed a two-headed ogre
  6955 | D:9      | Killed a two-headed ogre
  6955 | D:9      | Reached skill level 11 in Unarmed Combat
  6955 | D:9      | Reached XP level 10. HP: 51/51 MP: 14/14
  6964 | D:9      | Noticed a two-headed ogre
  6973 | D:9      | Killed a two-headed ogre
  7010 | D:10     | Entered Level 10 of the Dungeon
  7048 | D:10     | Reached skill level 12 in Unarmed Combat
  7394 | D:10     | Gained mutation: You cannot train Dodging skill. [Ru
                  | sacrifice]
  7394 | D:10     | Reached *** piety under Ru
  7554 | D:9      | Killed Harold
  7577 | D:9      | Reached skill level 13 in Unarmed Combat
  8003 | D:10     | Found a hazy altar of Hepliaklqana.
  8311 | D:11     | Reached XP level 11. HP: 22/55 MP: 10/15
  8425 | D:11     | Noticed Grum
  8438 | D:11     | Noticed a cyan ugly thing
  8447 | D:11     | Killed Grum
  8511 | D:11     | Noticed a manticore
  8514 | D:11     | HP: 8/55 [cyan ugly thing (11)]
  8515 | D:11     | Slain by a cyan ugly thing

Skill      XL: |  1  2  3  4  5  6  7  8  9 10 |
---------------+-------------------------------+-----
Fighting       | 3 4 5 |  5.0
Shields        | 3 4 5 |  5.0
Armour         | 3 4 5 |  5.0
Unarmed Combat | 3 4 8 9 11 13 | 13.7
Evocations     | 3 4 5 |  5.0

Action                   |  1- 3 |  4- 6 |  7- 9 | 10-12 || total
-------------------------+-------+-------+-------+-------++-------
Melee: Unarmed           |   135 |   197 |   442 |   155 ||   929
       Bite              |    50 |    66 |   172 |    51 ||   339
Invok: Sacrifice Experie |       |       |     1 |       ||     1
       Sacrifice Nimblen |       |       |       |     1 ||     1
Evoke: Wand              |       |       |    11 |     3 ||    14
  Use: Scroll            |       |     7 |     8 |     1 ||    16
       Potion            |       |     1 |     2 |     2 ||     5
 Stab: Paralysed         |       |       |     3 |     3 ||     6
       Distracted        |       |       |     2 |     2 ||     4
       Invisible         |       |       |       |     1 ||     1
  Eat: Chunk             |     1 |     6 |    13 |     3 ||    23
       Ration            |       |       |       |     1 ||     1
Armor: Scale mail        |    47 |    43 |    65 |       ||   155
       Chain mail        |       |       |   171 |    61 ||   232
Dodge: Dodged            |    24 |    56 |    95 |    23 ||   198
Block: Shield            |    58 |    86 |   218 |    54 ||   416

Levels and vault maps discovered:
D:1:      psy_arrival_spokes, layout_basic
D:2:      layout_basic, grunt_temple_overflow_forces_of_nature,
          chequers_ecumenical_altar_simple, grunt_gozag_breadcrumbs
D:3:      layout_basic, gammafunk_temple_overflow_claw, serial_glass,
          glass_columns_a, glass_columns_a, glass_columns_b,
          grunt_decor_one_mirror
D:4:      layout_basic, marbit_many_paths, first_ration, lightli_corner_chamber,
          uniq_eustachio
D:5:      layout_cave_pools, small_statue_intersection, chequers_garden
D:6:      layout_rooms, kennysheep_vampire_church
D:7:      layout_loops_ring, lemuel_crystal_altar, lemuel_crystal_altar,
          minmay_temple_entry_glass
D:8:      layout_cave_pools, lemuel_crystal_altar, overflow_temple_1_default,
          enter_bailey_6, gammafunk_ghost_berserking_beasts
D:9:      layout_long_grid, minmay_lair_entry_grove, erik_orc_4, david_nohive_1,
          grunt_decor_cap, uniq_joseph, uniq_erolcha, uniq_harold
D:10:     layout_layer_cave, basic_altar, minmay_crystal_room
D:11:     layout_rooms, gammafunk_ghost_split, grunt_decor_clamped, uniq_grum,
          uniq_urug
Temple:   minmay_temple_curvy_loop
Bailey:   bailey_axe_bossmonster_kennysheep, bailey

Table legend:
 A = Turns spent in this place as a percentage of turns spent in the entire game.
 B = Non-inter-level travel turns spent in this place as a percentage of non-inter-level travel turns spent in the entire game.
 C = Inter-level travel turns spent in this place as a percentage of turns spent in this place.
 D = Turns resting spent in this place as a percentage of non-inter-level travel turns spent in this place.
 E = Turns spent auto-exploring this place as a percentage of non-inter-level travel turns spent in this place.
 F = Non-inter-level travel turns spent in this place divided by the number of levels of this place that you've seen.
                   A       B       C       D       E      F
               +-------+-------+-------+-------+-------+----------------------
         Total | 100.0 | 100.0 |   8.0 |   7.1 |  67.7 | 602.8
       Dungeon |  97.0 |  97.2 |   7.8 |   7.3 |  67.4 | 692.3
        Temple |   2.5 |   2.3 |  16.5 |   0.0 |  93.2 | 177.0
        Bailey |   0.5 |   0.6 |   0.0 |  11.1 |   8.9 |  45.0
               +-------+-------+-------+-------+-------+----------------------

Table legend:
 A = Kills in this place as a percentage of kills in entire the game.
 B = Kills by you in this place as a percentage of kills by you in the entire game.
 C = Kills by friends in this place as a percentage of kills by friends in the entire game.
 D = Other kills in this place as a percentage of other kills in the entire game.
 E = Experience gained in this place as a percentage of experience gained in the entire game.
 F = Experience gained in this place divided by the number of levels of this place that you have seen.
                   A       B       C       D       E      F
               +-------+-------+-------+-------+-------+----------------------
         Total | 100.0 | 100.0 |   N/A | 100.0 | 100.0 | 952.0
       Dungeon |  98.4 |  98.4 |   N/A | 100.0 |  99.9 | 1124.5
        Bailey |   1.6 |   1.6 |   N/A |   0.0 |   0.1 |   7.0
               +-------+-------+-------+-------+-------+----------------------
